 Dungeon Crawl Stone Soup version 0.31-a0-1074-g0b22e4e0f1 (webtiles) character file.

Game seed: 2309267510795382628

9 olourkin the Chopper (level 2, 22/22 HPs)
             Began as a Demonspawn Gladiator on Nov 30, 2023.
             Quit the game on level 1 of the Dungeon.
             The game lasted 00:00:44 (104 turns).

olourkin the Chopper (Demonspawn Gladiator)          Turns: 104, Time: 00:00:45

Health: 22/22      AC:  3    Str: 14    XL:     2   Next: 3%
Magic:  2/2        EV: 12    Int:  9    God:
Gold:   5          SH:  0    Dex: 14    Spells: 1/1 levels left

rFire   . . .        a - +0 war axe
rCold   . . .        (no shield)
rNeg    . . .        b - +0 leather armour
rPois   .            (helmet restricted)
rElec   .            (no cloak)
rCorr   .            (no gloves)
SInv    .            (no boots)
Will    .....        (no amulet)
Stlth   +            (no ring)
HPRegen 0.23/turn    (no ring)
MPRegen 0.08/turn

%: no passive effects
@: no status effects
A: horns 1
a: no special abilities


You were on level 1 of the Dungeon.
You visited 1 branch of the dungeon, and saw 1 of its levels.

You collected 5 gold pieces.

Inventory:

Hand Weapons
 a - a +0 war axe (weapon)
Missiles
 d - 2 throwing nets (quivered)
 e - a javelin
Armour
 b - a +0 leather armour (worn)
 c - a +0 helmet
Scrolls
 f - a scroll of enchant weapon {unknown}


   Skills:
 - Level 2.0 Fighting
 + Level 3.2 Axes
 - Level 1.7 Throwing
 - Level 2.6 Dodging


You had one spell level left.
You didn't know any spells.
Your spell library was empty.

Dungeon Overview and Level Annotations

Branches:
Dungeon (1/15)

Altars:


Innate Abilities, Weirdness & Mutations

You have a pair of small horns on your head.


Message History

The quokka closely misses you. The quokka barely misses you.
You closely miss the quokka.
The quokka is severely wounded.
The quokka closely misses you.
You hit the quokka.
You kill the quokka!
You see here a quokka corpse.
A ball python comes into view.
The ball python hisses angrily.
You now have 5 gold pieces.
A ball python is nearby!
You hit the ball python.
You kill the ball python!
A rat comes into view.
You slash the rat!
You kill the rat!
A dart slug comes into view.
The dart slug launches a dart at you. The slug dart hits you.
Throw: 2 throwing nets
Press: ? - help, Q - select action, (/) - cycle Shift-Dir - straight line, f - dart slug
Aim: a dart slug (93% to hit)
Okay, then.
A dart slug comes into view.
You slash the dart slug!
The dart slug is severely wounded.
The dart slug closely misses you.
You hit the dart slug.
You kill the dart slug!
The dart slug launches a dart at you. The slug dart misses you.
Your Axes skill increases to level 3!
You slash the dart slug!
You kill the dart slug!
You have reached level 2!
Your demonic ancestry asserts itself...
A pair of horns grows on your head!
Your +0 helmet falls away!
You start resting.
HP restored.
Are you sure you want to abandon this character and quit the game? (Confirm with "yes".)

#.#....... .
#.#....#.#+###+##
###.#....#.#.#...##
.........#.#.#.#.##
#......+.....#.##
#.#....#.#.#.#.##
#.#####.#....#.#.#...##
#.......#.##.....#.....
#.....@...##..##.......
#.##....#.#†.###.#.....
.................#.....
#.##.##.#....#####.....
# #. #.#..#...........
#. #.#..###......... #
.....###.........
#................
...........#'#'##


There were no monsters in sight!

Vanquished Creatures
  2 dart slugs (D:1)
  A ball python (D:1)
  A quokka (D:1)
  A rat (D:1)
5 creatures vanquished.

Notes
Turn   | Place    | Note
-------+----------+-------------------------------------------
     0 | D:1      | olourkin the Demonspawn Gladiator began the quest for the
                  | Orb.
     0 | D:1      | Reached XP level 1. HP: 16/16 MP: 1/1
    93 | D:1      | Reached skill level 3 in Axes
    96 | D:1      | Gained mutation: You have a pair of small horns on your
                  | head. [demonic ancestry]
    96 | D:1      | Reached XP level 2. HP: 20/22 MP: 2/2
   104 | D:1      | Quit the game

Illustrated notes

Levels and vault maps discovered:
D:1:      lemuel_arrival_room, layout_basic,
          shapermc_ecumenical_altar_totnotflames,
          chequers_serial_rivers_small_b, minmay_octomino_j4

Skill      XL: |  1 |
---------------+----+-----
Axes           | 3 |  3.2
Fighting       | |  2.0
Throwing       | |  1.7
Dodging        | |  2.6

Action                     || total
---------------------------++-------
  Melee: War axe           ||     9
  Throw: Throwing net      ||     1
 Armour: Leather armour    ||     3
  Dodge: Dodged            ||     5

Table legend: (Time is in decaauts)
 A = Elapsed time spent in this place.
 B = Non-inter-level travel time spent in this place.
 C = Inter-level travel time spent in this place.
 D = Time resting spent in this place.
 E = Time spent auto-exploring this place.
 F = Levels seen in this place.
 G = Mean time per level.
                   A        B        C        D        E       F      G
               +--------+--------+--------+--------+--------+-----+--------+
         Total |    106 |    106 |      0 |      8 |     58 |   1 |  106.0 |
       Dungeon |    106 |    106 |      0 |      8 |     58 |   1 |  106.0 |
               +--------+--------+--------+--------+--------+-----+--------+

Top non-repeatable levels by time:
     D:1: 106 daAuts
